 Dungeon Crawl Stone Soup version 0.20-b1-18-gaa2fd62 (webtiles) character file.

293 s8n the Digger (level 6, -1/37 HPs)
             Began as a Gargoyle Earth Elementalist on May 24, 2017.
             Slain by an orc warrior
             ... wielding a +0 long sword
              (14 damage)
             ... on level 4 of the Dungeon.
             The game lasted 00:09:39 (3596 turns).

s8n the Digger (Gargoyle Earth Elementalist)        Turns: 3596, Time: 00:09:40

Health: -1/37      AC: 11    Str: 12    XL:     6   Next: 33%
Magic:  5/10       EV:  9    Int: 17    God:
Gold:   174        SH:  0    Dex: 10    Spells: 5/11 levels left

rFire    . . .     SeeInvis .   a - +0 whip
rCold    . . .     Gourm    .   (no shield)
rNeg     + . .     Faith    .   i - +0 scale mail
rPois    ∞         Spirit   .   (no helmet)
rElec    +         Reflect  .   (no cloak)
rCorr    .         Harm     .   (no gloves)
MR       .....                  (no boots)
Stlth    ..........             (no amulet)
Regen    0.2/turn               (no ring)
MPRegen  0.2/turn               (no ring)

@: very slightly contaminated
A: negative energy resistance 1, electricity resistance, unbreathing,
petrification resistance, rot immunity, AC +4
a: no special abilities


You were on level 4 of the Dungeon.
You were not hungry.

You visited 1 branch of the dungeon, and saw 4 of its levels.

You collected 174 gold pieces.

Inventory:

Hand Weapons
 a - a +0 whip (weapon)
Missiles
 l - 55 stones (quivered)
Armour
 i - a +0 scale mail (worn)
 t - a +0 cloak
Jewellery
 v - a +6 amulet of reflection {unknown}
Wands
 r - a wand of disintegration (16/24)
Scrolls
 c - 3 scrolls of teleportation {unknown}
 f - a scroll of noise {unknown}
 o - a scroll of identify {unknown}
 p - a scroll of amnesia
 q - a scroll of magic mapping
 u - a scroll of random uselessness {unknown}
Potions
 g - 3 potions of cancellation {unknown}
 j - 2 potions of mutation {unknown}
 k - 2 potions of flight {unknown}
 m - 2 potions of curing {unknown}
 s - a potion of agility {unknown}
Books
 b - a book of Conjurations

   Spells                             Type                      Level
   a - Magic Dart                     Conjuration                  1
   b - Searing Ray                    Conjuration                  2
   c - Dazzling Spray                 Conjuration/Hexes            3
   d - Fulminant Prism                Conjuration/Hexes            4
   e - Force Lance                    Conjuration/Translocation    4
   f - Iskenderun's Mystic Blast      Conjuration                  4
 e - a book of Geomancy

   Spells                             Type                      Level
   a - Sandblast                      Earth                        1
   b - Passwall                       Transmutation/Earth          2
   c - Stone Arrow                    Conjuration/Earth            3
   d - Petrify                        Transmutation/Earth          4
   e - Lee's Rapid Deconstruction     Earth                        5
Comestibles
 d - 3 bread rations
 h - 10 fruits
 n - 3 royal jellies


   Skills:
 * Level 3.0 Fighting
 + Level 2.4 Maces & Flails
 + Level 2.2 Armour
 + Level 1.9 Dodging
 + Level 2.2 Stealth
 + Level 3.0 Spellcasting
 + Level 0.7 Transmutations
 + Level 4.6 Earth Magic


You had 5 spell levels left.
You knew the following spells:

 Your Spells              Type           Power        Failure   Level  Hunger
a - Sandblast             Erth           ###...       13%         1    None
b - Stone Arrow           Conj/Erth      ##....       71%         3    ###....
v - Passwall              Tmut/Erth      ##........   41%         2    ##.....


Dungeon Overview and Level Annotations

Branches:
Dungeon (4/15)
 Temple: D:4-7

Altars:
Qazlal


Innate Abilities, Weirdness & Mutations

You are resistant to torment.
Your stone body is resilient. (AC +4)
You are immune to poison.
You resist negative energy. (rN+)
You are resistant to electric shocks. (rElec)
You can survive without breathing.
You are immune to petrification.
You are immune to rotting.


Message History

The orc warrior hits you with a long sword!
Casting: Sandblast
Confirm with . or Enter, or press ? or * to list all spells.
Aiming: Sandblast
Press: ? - help, Shift-Dir - straight line, f/p - orc warrior
Aim: an orc warrior, wielding a long sword and wearing a plate armour The blast of sand misses the orc warrior.
The blast of sand hits the orc.
You kill the orc!
l - 56 stones The orc warrior hits you with a long sword.
Casting: Sandblast
Confirm with . or Enter, or press ? or * to list all spells.
Aiming: Sandblast
Press: ? - help, Shift-Dir - straight line, f/p - orc warrior
Aim: an orc warrior, wielding a long sword and wearing a plate armour The blast of sand hits the orc warrior.
l - 55 stones The orc warrior hits you with a long sword!
You die...

#....###########.###############.
#....# ##'######### #####. ######
#..........# #..... #..........#
#.##.. #..........# #.##.(
#..........# #.##.. ##.#########
#.##.. #........##.# #.##..
#........##@# #.##.. #
#........##o# ##..... #
#........##o# #...... #
#........##.# ###......
######........##)# #........
##............##)## #.##.####
##.###....o.......# #.##.#
...............#..# #.##.#
......##.###.#.#..# #o##.#


You could see an orc warrior and an orc.

Vanquished Creatures
  A big kobold (D:3)
  A hound (D:4)
  Natasha (thrice) (D:2)
  An orc wizard (D:4)
  4 adders
  2 adder skeletons (D:4)
  2 worms (D:2)
  A dart slug (D:1)
  4 orcs (D:4)
  5 bats
  2 giant cockroaches
  4 goblins
  6 hobgoblins
  4 jackals
  A quokka (D:3)
  2 ball pythons
  8 frilled lizards
  2 kobolds
  4 rats
57 creatures vanquished.

Notes
Turn   | Place    | Note
-------+----------+-------------------------------------------
     0 | D:1      | s8n the Gargoyle Earth Elementalist began the quest for the Orb.
     0 | D:1      | Reached XP level 1. HP: 10/10 MP: 3/3
   309 | D:1      | Reached XP level 2. HP: 16/16 MP: 5/5
   317 | D:1      | Learned a level 2 spell: Passwall
   330 | D:1      | Reached skill level 1 in Fighting
   530 | D:1      | Reached skill level 4 in Earth Magic
   944 | D:2      | Reached XP level 3. HP: 9/20 MP: 2/6
  1403 | D:2      | Noticed Natasha
  1411 | D:2      | Killed Natasha
  1411 | D:2      | Reached skill level 1 in Maces & Flails
  1411 | D:2      | Reached XP level 4. HP: 16/26 MP: 1/7
  1467 | D:2      | Learned a level 3 spell: Stone Arrow
  1561 | D:2      | Noticed Natasha
  1570 | D:2      | Killed Natasha
  1570 | D:2      | Reached skill level 1 in Armour
  1608 | D:2      | Noticed Natasha
  1616 | D:2      | Killed Natasha
  1650 | D:2      | Reached XP level 5. HP: 25/30 MP: 8/8
  1825 | D:3      | Noticed a big kobold
  1856 | D:3      | Killed a big kobold
  2227 | D:3      | Found a stormy altar of Qazlal.
  2547 | D:4      | Reached XP level 6. HP: 24/36 MP: 8/10
  2725 | D:4      | Noticed an orc warrior
  3596 | D:4      | Slain by an orc warrior

Skill      XL: |  1  2  3  4  5  6 |
---------------+-------------------+-----
Fighting       | 1 2 3 |  3.0
Earth Magic    | 4 |  4.6
Maces & Flails | 1 2 |  2.4
Armour         | 1 2 |  2.2
Spellcasting   | 3 |  3.0
Dodging        | |  1.9
Stealth        | |  2.2
Transmutations | |  0.7

Action                   |  1- 3 |  4- 6 || total
-------------------------+-------+-------++-------
Melee: Short sword       |     7 |       ||     7
       Club              |    55 |       ||    55
       Mace              |    38 |       ||    38
       Whip              |       |   164 ||   164
 Fire: Hand crossbow     |       |     3 ||     3
 Cast: Sandblast         |    15 |    26 ||    41
       Passwall          |       |     1 ||     1
  Use: Scroll            |     2 |       ||     2
  Eat: Chunk             |     2 |     5 ||     7
       Royal jelly       |       |     1 ||     1
Armor: Robe              |     1 |       ||     1
       Scale mail        |    74 |    96 ||   170
Dodge: Dodged            |    72 |    81 ||   153
